 Dungeon Crawl Stone Soup version 0.31-a0-1074-g0b22e4e0f1 (webtiles) character file.

Game seed: 8015188796692536944

56 Sanktem7 the Covered (level 3, -4/33 HPs)
             Began as a Minotaur Fighter on Nov 29, 2023.
             Slain by an ogre
             ... wielding a +0 giant spiked club
              (20 damage)
             ... on level 3 of the Dungeon on Nov 30, 2023.
             The game lasted 00:04:59 (1501 turns).

Sanktem7 the Covered (Minotaur Fighter)             Turns: 1501, Time: 00:05:00

Health: -4/33      AC:  9    Str: 22    XL:     3   Next: 71%
Magic:  2/2        EV:  8    Int:  5    God:
Gold:   94         SH:  4    Dex:  9    Spells: 2/2 levels left

rFire   . . .        a - +0 war axe {axe}
rCold   . . .        c - +0 buckler
rNeg    . . .        v - +0 chain mail
rPois   .            (helmet restricted)
rElec   .            (no cloak)
rCorr   .            (no gloves)
SInv    .            (no boots)
Will    .....        (no amulet) Stlth
                     (no ring)
HPRegen 0.25/turn    (no ring)
MPRegen 0.08/turn

%: no passive effects
@: no status effects
A: horns 2, retaliatory headbutt
a: no special abilities


You were on level 3 of the Dungeon.
You visited 1 branch of the dungeon, and saw 3 of its levels.

You collected 94 gold pieces.


Innate Abilities, Weirdness & Mutations

You have a pair of horns on your head.
You reflexively headbutt those who attack you in melee.


   Skills:
 + Level 4.1 Fighting
 * Level 3.6 Axes
 + Level 0.5 Throwing
 + Level 4.1 Armour
 + Level 4.0 Shields


You had 2 spell levels left.
You didn't know any spells.
Your spell library was empty.

Inventory:

Hand Weapons
 a - a +0 war axe (weapon) {axe}
 j - a +0 vampiric dagger {short}
   (You took it off a kobold on level 1 of the Dungeon)
Missiles
 k - 42 stones {throwing}
 r - 2 boomerangs {throwing}
Armour
 c - a +0 buckler (worn)
 v - a +0 chain mail (worn)
   (You found it on level 2 of the Dungeon)
Scrolls
 e - a scroll of amnesia {unknown}
 f - a scroll of fear {unknown}
 g - 3 scrolls of vulnerability {unknown}
 i - a scroll of enchant weapon {unknown}
 l - a scroll of blinking {unknown}
 m - 2 scrolls of fog {unknown}
 n - a scroll of poison {unknown}
 p - 2 scrolls of identify {unknown}
 q - a scroll of immolation {unknown}
 s - a scroll of enchant armour {unknown}
 u - a scroll of teleportation {unknown}
Potions
 b - a potion of heal wounds {unknown}
 d - a potion of might
 h - 2 potions of attraction {unknown}
 o - 2 potions of curing {unknown}
 t - a potion of invisibility {unknown}

Dungeon Overview and Level Annotations

Branches:
Dungeon (3/15) Zot: 16465

Altars:
Ashenzari

.# .#####
♣+♣♣♣+♣# .#
.....# #......
.## .###.# #.#...
## .... .# #.#
#.... .#...# ##
#.# #... .#..#
#.####
#..####...S#
#....# #........#
####.###..#.#@)##
#....>##.##O#
########.#


Ko# #.# r.). #.. .###. ##. .. .. .#.. # .#.. .# You could see an ogre, an orc, a
ball python, a kobold and a rat.


Message History

v - a +0 scale mail You drop a +0 scale mail.
Search for what [Enter for "body", or ? for help]? body You see here a +0 chain mail.
v - a +0 chain mail You start removing your armour.
You continue taking off your +0 scale mail. x4
You finish taking off your +0 scale mail.
You start putting on your armour.
You continue putting on your +0 chain mail. x5
You finish putting on your +0 chain mail.
You drop a +0 scale mail. 🤖 Initializing magus.rc ...
Options error: Delay interrupt name "hungry" not recognised. (~/.crawlrc:4856) Bad monster_list_colour key: strict_neutral Bad channel name 'pray' for runrest: 'pray:' Options error: Missing colour in message_colour setting: 'that.*feels deathly cold' Options error: Missing colour in message_colour setting: 'and you must be Full or above to equip it' Options error: Missing colour in message_colour setting: 'but rights himself reflexively soon after' Options error: Missing colour in message_colour setting: 'before it is too late' ✅ Successfully initialized magus.rc [v1.9.6] Welcome back, Sanktem7 the Minotaur Fighter.
Press ? for a list of commands and other information.
Done exploring. 🤖 Initializing magus.rc ...
Options error: Delay interrupt name "hungry" not recognised. (~/.crawlrc:4856) Bad monster_list_colour key: strict_neutral Bad channel name 'pray' for runrest: 'pray:' Options error: Missing colour in message_colour setting: 'that.*feels deathly cold' Options error: Missing colour in message_colour setting: 'and you must be Full or above to equip it' Options error: Missing colour in message_colour setting: 'but rights himself reflexively soon after' Options error: Missing colour in message_colour setting: 'before it is too late' ✅ Successfully initialized magus.rc [v1.9.6] Welcome back, Sanktem7 the Minotaur Fighter.
Press ? for a list of commands and other information.
Done exploring.
There is a stone staircase leading down here.
You climb downwards.
The kobold shouts!
The hobgoblin shouts!
There is a stone staircase leading up here.
You barely miss the hobgoblin. You headbutt the hobgoblin.
You kill the hobgoblin!
The kobold throws a stone.
You block the stone. The kobold barely misses you.
You barely miss the kobold. The kobold hits you but does no damage.
You hit the kobold.
You kill the kobold!
No target in view!
No target in view!
No target in view!
No target in view!
k - 42 stones {throwing} (gained 2)
You see here a +0 dagger {short}.
b - a golden potion
Found a stone staircase leading down.
A bat comes into view.
A bat is nearby!
The bat hits you but does no damage.
You closely miss the bat. The bat hits you but does no damage.
You barely miss the bat. Your headbutt misses the bat.
The bat closely misses you. You block the bat's attack.
You closely miss the bat. Your headbutt misses the bat. The bat misses you.
The bat hits you but does no damage.
No target in view!
The bat hits you but does no damage.
A bat is nearby!
The bat hits you but does no damage. The bat closely misses you.
You furiously retaliate!
You headbutt the bat!
You kill the bat!
No target in view!
No target in view!
No target in view!
No target in view!
No target in view!
No target in view!
A kobold comes into view. It is wielding a +0 dagger.
The kobold shouts!
You hear a shout! x2
A kobold comes into view. It is wielding a +0 whip.
An ogre comes into view. It is wielding a +0 giant spiked club.
There are monsters nearby!
The kobold shouts!
You hear an angry hiss.
You slash the ogre! You slash the kobold!
You kill the kobold!
You block the ogre's attack.
An orc comes into view. It is wielding a +0 short sword.
The orc shouts!
You slash the ogre! Your headbutt misses the ogre. The ogre barely misses you.
A rat comes into view.
You hit the ogre.
The ogre hits you with a +0 giant spiked club!
Ouch! That really hurt!
* * * LOW HITPOINT WARNING * * *
😨 HP[-17]
You take 17 damage, and now have 16/33 hp.
MASSIVE DAMAGE!! (PAUSE)
You barely miss the ogre.
A ball python comes into view.
The ogre hits you with a +0 giant spiked club!!
Ouch! That really hurt!
You die...

Skill      XL: |  1  2  3 |
---------------+----------+-----
Axes           | 3 |  3.6
Armour         | 4 |  4.1
Fighting       | 4 |  4.1
Shields        | 4 |  4.0
Throwing       | |  0.5

Action                     || total
---------------------------++-------
  Melee: War axe           ||    88
         Headbutt          ||     7
 Armour: Scale mail        ||    48
         Chain mail        ||     8
  Dodge: Dodged            ||    40
  Block: Buckler           ||    24

Levels and vault maps discovered:
D:1:      minmay_arrival_cross, layout_basic
D:2:      layout_loops_ring, shapermc_ecumenical_altar_mp_urbaneastern,
          basic_altar, supply_closet_lemuel
D:3:      layout_basic, mainiacjoe_overflow_six_doors_small,
          minmay_pentomino_pile

Notes
Turn   | Place    | Note
-------+----------+-------------------------------------------
     0 | D:1      | Sanktem7 the Minotaur Fighter began the quest for the Orb.
     0 | D:1      | Reached XP level 1. HP: 19/19 MP: 0/0
     0 | D:1      | magus.rc [v1.9.6]
   226 | D:1      | Reached XP level 2. HP: 24/27 MP: 1/1
   327 | D:1      | Reached skill level 3 in Axes
   746 | D:2      | Reached skill level 4 in Armour
   746 | D:2      | Reached XP level 3. HP: 33/33 MP: 2/2
   808 | D:2      | Reached skill level 4 in Fighting
   808 | D:2      | Reached skill level 4 in Shields
   944 | D:2      | Found a faded altar of an unknown god.
  1176 | D:2      | Found a broken altar of Ashenzari.
  1441 | D:2      | magus.rc [v1.9.6]
  1441 | D:2      | magus.rc [v1.9.6]
  1496 | D:3      | Noticed an ogre
  1501 | D:3      | Slain by an ogre

Vanquished Creatures
  An adder (D:2)
  A dart slug (D:2)
  3 ball pythons
  4 bats
  3 endoplasms
  A giant cockroach (D:1)
  2 goblins
  5 hobgoblins
  6 jackals
  5 kobolds
  A quokka (D:1)
  2 frilled lizards (D:1)
  7 rats
41 creatures vanquished.

Table legend:
 A = Non-vault XP
 B = Vault XP
 C = Vault XP percentage of total XP
 D = Non-vault monster count
 E = Vault monster count
 F = Vault count percentage of total count
                 A         B        C        D         E       F
            +---------+---------+-------+---------+---------+-------
      Total |      81 |       0 |   0.0 |      41 |       0 |   0.0
            +---------+---------+-------+---------+---------+-------
        D:1 |      39 |       0 |   0.0 |      23 |       0 |   0.0
        D:2 |      37 |       0 |   0.0 |      14 |       0 |   0.0
        D:3 |       5 |       0 |   0.0 |       4 |       0 |   0.0
            +---------+---------+-------+---------+---------+-------

Skill      XL: |  1  2  3 |
---------------+----------+-----
Axes           | 3 |  3.6
Armour         | 4 |  4.1
Fighting       | 4 |  4.1
Shields        | 4 |  4.0
Throwing       | |  0.5

Action                     || total
---------------------------++-------
  Melee: War axe           ||    88
         Headbutt          ||     7
 Armour: Scale mail        ||    48
         Chain mail        ||     8
  Dodge: Dodged            ||    40
  Block: Buckler           ||    24

Illustrated notes

Table legend:
 A = Kills in this place as a percentage of kills in the entire game.
 B = Kills by you in this place as a percentage of kills by you in the entire game.
 C = Kills by friends in this place as a percentage of kills by friends in the entire game.
 D = Other kills in this place as a percentage of other kills in the entire game.
 E = Experience gained in this place as a percentage of experience gained in the entire game.
 F = Experience gained in this place divided by the number of levels of this place that you have seen.
                   A       B       C       D       E      F
               +-------+-------+-------+-------+-------+----------------------
         Total | 100.0 | 100.0 |   N/A |   N/A | 100.0 |  27.0
       Dungeon | 100.0 | 100.0 |   N/A |   N/A | 100.0 |  27.0
               +-------+-------+-------+-------+-------+----------------------

Table legend: (Time is in decaauts)
 A = Elapsed time spent in this place.
 B = Non-inter-level travel time spent in this place.
 C = Inter-level travel time spent in this place.
 D = Time resting spent in this place.
 E = Time spent auto-exploring this place.
 F = Levels seen in this place.
 G = Mean time per level.
                   A        B        C        D        E       F      G
               +--------+--------+--------+--------+--------+-----+--------+
         Total |   1533 |   1469 |     64 |      0 |   1206 |   3 |  511.0 |
       Dungeon |   1533 |   1469 |     64 |      0 |   1206 |   3 |  511.0 |
               +--------+--------+--------+--------+--------+-----+--------+

Top non-repeatable levels by time:
     D:1: 763 daAuts
     D:2: 708 daAuts
     D:3: 61 daAuts
